 Dungeon Crawl Stone Soup version 0.27.1-34-g3ba077fa99 (webtiles) character file.

Game seed: 4994237393584461403

64 Eitelfritz the Poker (level 4, 0/34 HPs)
             Began as a Merfolk Gladiator on Jan 12, 2022.
             Slain by Natasha (4 damage)
             ... on level 2 of the Dungeon.
             The game lasted 00:05:10 (1411 turns).

Eitelfritz the Poker (Merfolk Gladiator)            Turns: 1411, Time: 00:05:12

Health: 0/34       AC:  4    Str: 14    XL:     4   Next: 12%
Magic:  5/5        EV: 13    Int:  8    God:
Gold:   64         SH:  0    Dex: 15    Spells: 3/4 levels left

rFire    . . .     SeeInvis .   a - +0 trident
rCold    . . .     Faith    .   (no shield)
rNeg     . . .     Spirit   .   b - +0 leather armour
rPois    .         Reflect  .   c - +0 helmet
rElec    .         Harm     .   (no cloak)
rCorr    .         Rampage  .   (no gloves)
Will     .....                  (no boots)
Stlth    +.........             (no amulet)
HPRegen  0.11/turn              (no ring)
MPRegen  0.09/turn              (no ring)

@: no status effects
A: (nimble swimmer 2), mertail
a: no special abilities


You were on level 2 of the Dungeon.
You visited 1 branch of the dungeon, and saw 2 of its levels.

You collected 64 gold pieces.

Inventory:

Hand Weapons
 a - a +0 trident (weapon)
Missiles
 d - 3 throwing nets
 r - 7 boomerangs (quivered)
Armour
 b - a +0 leather armour (worn)
 c - a +0 helmet (worn)
 o - a +0 ring mail
Jewellery
 q - a +6 ring of intelligence
Scrolls
 e - a scroll of blinking {unknown}
 f - 2 scrolls of immolation {unknown}
 h - a scroll of vulnerability {unknown}
 j - 2 scrolls of identify {unknown}
 k - a scroll of torment {unknown}
 m - a scroll of teleportation {unknown}
Potions
 g - a potion of magic
 i - a potion of lignification {unknown}
 l - a potion of curing
 n - a potion of mutation {unknown}
 p - a potion of invisibility {unknown}
 s - a potion of might {unknown}


   Skills:
 + Level 2.6 Fighting
 + Level 5.6 Polearms
 + Level 2.0 Throwing
 + Level 0.5 Armour
 + Level 4.5 Dodging
 + Level 0.1 Stealth
 + Level 0.7 Spellcasting
 + Level 0.4 Transmutations
 + Level 0.2 Poison Magic


You had 3 spell levels left.
You knew the following spells:

 Your Spells              Type           Power      Damage    Failure   Level
a - Sting                 Tmut/Pois      0%         1d3       41%         1

Your spell library contained the following spells:

 Spells                   Type           Power      Damage    Failure   Level
 Tukima's Dance           Hex            0%         N/A       83%         3
 Passage of Golubria      Tloc           N/A        N/A       99%         4
 Yara's Violent Unravell  Hex/Tmut       0%         3d3       100%        5


Dungeon Overview and Level Annotations

Branches:
Dungeon (2/15)

Altars:
Xom

Annotations:
D:2 Natasha


Innate Abilities, Weirdness & Mutations

((You are quick and stealthy near water. (Stealth+, EV+, Speed+++)))
Your lower body shifts to a powerful aquatic tail in water.


Message History

Natasha casts a spell.
Natasha claws you!
You hit Natasha but do no damage. Natasha claws you.
The shadow imp shouts, "Scamper home, thou odious fen-sucked flirt-gill!"
The shadow imp hits you.
You hit Natasha but do no damage. Natasha claws you but does no damage.
The shadow imp hits you. Natasha barely misses you.
The shadow imp hits you but does no damage.
You hit Natasha but do no damage.
You feel yourself speed up. Natasha claws you.
* * * LOW HITPOINT WARNING * * *
The shadow imp misses you.
You closely miss Natasha. Natasha barely misses you.
The shadow imp shouts, "Embrace submission, thou villainous tickle-brained whey-face!"
The shadow imp gestures at you. Pain shoots through your body!
* * * LOW HITPOINT WARNING * * *
You hit Natasha.
Natasha is moderately wounded.
Natasha claws you.
* * * LOW HITPOINT WARNING * * *
The shadow imp misses you.
It was a potion of magic.
Magic courses through your body. Natasha misses you.
The shadow imp closely misses you.
It was a potion of curing.
You feel better.
Natasha wildly gestures.
Natasha's front paws start to glow.
Natasha barely misses you. The shadow imp hits you.
* * * LOW HITPOINT WARNING * * *
You puncture Natasha!
Natasha is severely wounded.
Natasha misses you. The shadow imp closely misses you.
You closely miss Natasha.
Natasha is severely wounded.
Natasha claws you.
* * * LOW HITPOINT WARNING * * *
The shadow imp gestures at you.
You barely resist. Natasha claws you.
You die...

######## #......# #......#
#......###### #......##...#
#### #......##...# ####...
#...........# #......
#.<....####.#
#......##@.....# #.#
..._....h.5....# ##.#
.............#####..# #..###
...........#...†.[.## ......
..........##.#####.### ......
.........##...#......# ..>...
.........##.#.#......# ......
####....(...#.#......#
......##.......#.###.#......#


You could see Natasha and a shadow imp (summoned).

Vanquished Creatures
  3 adders (D:2)
  A worm (D:2)
  A bat (D:2)
  4 endoplasms
  3 giant cockroaches
  3 goblins
  5 hobgoblins
  5 kobolds
  4 frilled lizards
  4 rats
33 creatures vanquished.

Notes
Turn   | Place    | Note
-------+----------+-------------------------------------------
     0 | D:1      | Eitelfritz the Merfolk Gladiator began the quest for the
                  | Orb.
     0 | D:1      | Reached XP level 1. HP: 16/16 MP: 1/1
   216 | D:1      | Found a faded altar of an unknown god.
   224 | D:1      | Got Plato's Reference Book on Transmigration
   304 | D:1      | Reached XP level 2. HP: 20/22 MP: 2/2
   318 | D:1      | Learned a level 1 spell: Sting
   488 | D:1      | Reached skill level 5 in Polearms
   751 | D:2      | Reached XP level 3. HP: 21/28 MP: 1/3
  1168 | D:2      | Reached XP level 4. HP: 34/34 MP: 4/4
  1364 | D:2      | Found a shimmering altar of Xom.
  1367 | D:2      | Noticed Natasha
  1411 | D:2      | Slain by Natasha

Illustrated notes

Levels and vault maps discovered:
D:1:      minmay_arrival_four_circles, layout_rooms,
          shapermc_ecumenical_altar_rom_forum
D:2:      layout_rooms, basic_altar, uniq_natasha

Skill      XL: |  1  2 |
---------------+-------+-----
Polearms       | 5 |  5.6
Fighting       | |  2.6
Throwing       | |  2.0
Armour         | |  0.5
Dodging        | |  4.5
Stealth        | |  0.1
Spellcasting   | |  0.7
Transmutations | |  0.4
Poison Magic   | |  0.2

Action                   |  1- 3 |  4- 6 || total
-------------------------+-------+-------++-------
Melee: Trident           |    84 |    23 ||   107
Throw: Boomerang         |       |     1 ||     1
 Cast: Sting             |     6 |     1 ||     7
  Use: Potion            |       |     2 ||     2
 Stab: Sleeping          |     1 |       ||     1
Armor: Leather armour    |    13 |     3 ||    16
Dodge: Dodged            |    46 |    15 ||    61
